 Dungeon Crawl Stone Soup version 0.30-a0-743-gbfdf073431 (webtiles) character file.

Game seed: 15729008733888483255

14 Newt the Ducker (level 2, 0/34 HPs)
             Began as a Demonspawn Gladiator on Feb 6, 2023.
             Succumbed to an adder's poison
             ... on level 2 of the Dungeon.
             The game lasted 00:00:46 (1141 turns).

Newt the Ducker (Demonspawn Gladiator)              Turns: 1141, Time: 00:00:47

Health: 0/34       AC: 21    Str: 14    XL:     2   Next: 31%
Magic:  2/2        EV:  2    Int:  9    God:
Gold:   69         SH:  4    Dex: 14    Spells: 1/1 levels left

rFire   . . .      SeeInvis .    a - +0 rapier
rCold   . . .      Faith    .    (no shield)
rNeg    . . .      Spirit   .    (body armour currently unavailable)
rPois   +          Reflect  .    (helmet currently unavailable)
rElec   .          Harm     .    (cloak currently unavailable)
rCorr   .          Rampage  .    (gloves currently unavailable)
Will    .....      NoTele   +    (boots currently unavailable)
Stlth   ++                       (no amulet)
HPRegen 0.25/turn                (no ring)
MPRegen 0.08/turn                (no ring)

@: mighty, lethally poisoned (0 -> -3), tree-form
A: stationary, stasis, torment immunity, boosted hp, condensation shield,
(hooves 1), MP-powered wands
a: no special abilities


You were on level 2 of the Dungeon.
You were a tree.
You visited 1 branch of the dungeon, and saw 2 of its levels.

You collected 69 gold pieces.

Inventory:

Hand Weapons
 a - a +0 rapier (weapon)
Missiles
 d - 2 throwing nets (quivered)
Armour
 b - a +0 leather armour
 c - a +0 helmet (melded)
 m - a +1 leather armour of fire resistance (melded)
Scrolls
 f - a scroll of silence {unknown}
 j - a scroll of vulnerability {unknown}
 k - a scroll of poison {unknown}
 l - a scroll of enchant weapon {unknown}
Potions
 h - a potion of mutation


   Skills:
 + Level 2.4 Fighting
 - Level 2.6 Short Blades
 - Level 1.7 Throwing
 - Level 2.6 Dodging
 - Level 1.5 Stealth


You had one spell level left.
You didn't know any spells.
Your spell library contained the following spells:

 Spells                   Type           Power      Damage    Failure   Level
 Blink                    Tloc           0%         N/A       52%         2
 Lesser Beckoning         Tloc           0%         N/A       52%         2
 Momentum Strike          Conj/Tloc      0%         3d8       52%         2


Dungeon Overview and Level Annotations

Branches:
Dungeon (2/15)

Altars:

Shops:
D:2 *


Innate Abilities, Weirdness & Mutations

You are a tree.
Your roots penetrate the ground, keeping you stationary.
You cannot be teleported.
You are immune to unholy pain and torment.
Your maximum health is greatly increased.
Your equipment is partially melded.
A meltable shield of frost defends you. (SH +4)
((You have large cloven feet.))
You expend magic power (3 MP) to strengthen your wands.


Message History

You feel sick. The adder misses you. The adder attacks as you move away!
The adder bites you but does no damage.
You feel sick.
It was a potion of mutation.
You feel extremely strange.
You feel your magical essence link to the dungeon's wands.
Your feet thicken and deform.
You feel sick. The adder barely misses you.
Okay, then.
Throw: javelin
Press: ? - help, Shift-Dir - straight line, f - adder
Aim: an adder (40% to hit)
You throw a javelin. The javelin misses the adder.
The javelin pierces through the kobold.
The kobold is severely wounded.
The javelin closely misses the kobold.
You feel sick.
You are no longer poisoned.
You block the adder's attack. The adder bites you.
* * * LOW HITPOINT WARNING * * *
You are lethally poisoned!
The adder poisons you!
It was a potion of might.
You feel very mighty all of a sudden.
* * * LOW HITPOINT WARNING * * *
You feel sick. The adder closely misses you.
It was a potion of lignification.
You turn into a tree.
Your +0 helmet melds into your body.
Your +1 leather armour of fire resistance melds into your body.
You feel less resistant to fire.
Your roots penetrate the ground.
* * * LOW HITPOINT WARNING * * *
You feel sick. The adder bites you.
* * * LOW HITPOINT WARNING * * *
The adder bites you but does no damage.
Unknown command.
Throw: 3 throwing nets
Press: ? - help, Q - select action Shift-Dir - straight line, f/p - adder
Aim: an adder (40% to hit)
You throw a throwing net. The throwing net hits the adder.
The adder is caught in the net!
You die...

#. ##.#.###.. #..#
#∩##..(..##.# #..#
.........##!####..###.#
#........))...........#
#............<.#####
#!gKr.##.#####.#
###K###...# #.#
#S##..#... ..# #♣##g.
.###### #....# ##
.......# #########


You could see an adder (caught), a quokka, a goblin and 2 kobolds.

Vanquished Creatures
  A bat (D:2)
  4 endoplasms (D:1)
  A giant cockroach (D:2)
  4 goblins
  A rat (D:1)
11 creatures vanquished.

Notes
Turn   | Place    | Note
-------+----------+-------------------------------------------
     0 | D:1      | Newt the Demonspawn Gladiator began the quest for the Orb.
     0 | D:1      | Reached XP level 1. HP: 16/16 MP: 1/1
   106 | D:1      | Reached skill level 1 in Stealth
   887 | D:1      | Found a faded altar of an unknown god.
   938 | D:1      | Gained mutation: A meltable shield of frost defends you.
                  | (SH +4) [demonic ancestry]
   938 | D:1      | Reached XP level 2. HP: 14/22 MP: 2/2
  1132 | D:2      | Found Xuvyggae's Assorted Antiques.
  1137 | D:2      | Gained mutation: You expend magic power (3 MP) to
                  | strengthen your wands. [potion of mutation]
  1137 | D:2      | Gained mutation: You have large cloven feet. [potion of
                  | mutation]
  1139 | D:2      | HP: 1/23 [poisoned by an adder]
  1141 | D:2      | Succumbed to an adder's poison

Illustrated notes

Levels and vault maps discovered:
D:1:      co_arrival_square_in_a_square_in_a_square, layout_basic,
          serial_curves, eino_curves_02, eino_curves_02,
          ebering_ecumenical_altar_mist
D:2:      layout_loops_ring, serial_shops, shop

Skill      XL: |  1 |
---------------+----+-----
Stealth        | 1 |  1.5
Fighting       | |  2.4
Short Blades   | |  2.6
Throwing       | |  1.7
Dodging        | |  2.6

Action                     || total
---------------------------++-------
  Melee: Rapier            ||    32
  Throw: Javelin           ||     1
         Throwing net      ||     1
    Use: Potion            ||     3
   Stab: Sleeping          ||     1
 Armour: Leather armour    ||    11
         Skin              ||     1
  Dodge: Dodged            ||    24
  Block: Other             ||     9

Table legend: (Time is in decaauts)
 A = Elapsed time spent in this place.
 B = Non-inter-level travel time spent in this place.
 C = Inter-level travel time spent in this place.
 D = Time resting spent in this place.
 E = Time spent auto-exploring this place.
 F = Levels seen in this place.
 G = Mean time per level.
                   A        B        C        D        E       F      G
               +--------+--------+--------+--------+--------+-----+--------+
         Total |   1143 |   1033 |    110 |      0 |    913 |   2 |  571.5 |
       Dungeon |   1143 |   1033 |    110 |      0 |    913 |   2 |  571.5 |
               +--------+--------+--------+--------+--------+-----+--------+

Top non-repeatable levels by time:
     D:1: 1106 daAuts
     D:2: 37 daAuts
